 Dungeon Crawl Stone Soup version 0.31-a0-278-g485e682e34 (webtiles) character file.

Game seed: 10419110614175355163

403 Morbidden the Changeling (level 6, -8/59 HPs)
             Began as a Troll Shapeshifter on July 16, 2023.
             Mangled by a gnoll
             ... wielding a +2 halberd of freezing
             ... led by a gnoll bouda
              (14 damage)
             ... on level 5 of the Dungeon.
             The game lasted 00:03:04 (2877 turns).

Morbidden the Changeling (Troll Shapeshifter)       Turns: 2877, Time: 00:03:05

Health: -8/59      AC:  4    Str: 26    XL:     6   Next: 55%
Magic:  5/5        EV: 10    Int:  4    God:
Gold:   215        SH:  0    Dex: 10    Spells: 5/5 levels left

rFire   . .          .
                       - Unarmed
rCold   . . .        (no shield)
rNeg    . . .        a - +0 animal skin
rPois   .            (helmet currently unavailable)
rElec   .            (cloak currently unavailable)
rCorr   .            (gloves unavailable)
SInv    .            (boots unavailable)
Will    .....        (no amulet)
Stlth   +            (no ring)
HPRegen 1.09/turn    (no ring)
MPRegen 0.09/turn

%: no passive effects
@: mighty, beast-form, weakened
A: beast (slay +3), large, unfitting armour, claws 3, regeneration 1, shaggy fur
1, tough skin 1
a: Begin Untransformation


You were on level 5 of the Dungeon.
You were a hulking beast.
You visited 1 branch of the dungeon, and saw 5 of its levels.

You collected 215 gold pieces.

Inventory:

Missiles
 e - 25 stones (quivered)
Armour
 a - a +0 animal skin (worn)
Talismans
 c - a beast talisman
Wands
 m - a wand of flame (22)
Scrolls
 f - a scroll of butterflies {unknown}
 g - 2 scrolls of fog {unknown}
 h - 4 scrolls of identify {unknown}
 k - a scroll of noise {unknown}
 l - a scroll of amnesia {unknown}
 n - a scroll of enchant weapon {unknown}
 o - a scroll of teleportation {unknown}
 p - a scroll of blinking {unknown}
 q - a scroll of immolation {unknown}
Potions
 b - a potion of lignification
 d - a potion of brilliance {unknown}
 i - 2 potions of might
 j - 3 potions of curing
 r - a potion of berserk rage {unknown}


   Skills:
 * Level 2.5 Fighting
 * Level 1.6 Throwing
 * Level 2.7 Dodging
 + Level 0.1 Stealth
 + Level 3.4 Unarmed Combat
 * Level 4.6 Shapeshifting


You had 5 spell levels left.
You didn't know any spells.
Your spell library contained the following spells:

 Spells                   Type           Power      Damage    Failure   Level
 Apportation              Tloc           0%         N/A       50%         1
 Necrotise                Necr           0%         1d4       50%         1
 Summon Small Mammal      Summ           0%         N/A       50%         1
 Sublimation of Blood     Necr           0%         N/A       65%         2
 Wereblood                Tmut           0%         N/A       65%         2
 Animate Armour           Summ/Erth      0%         N/A       99%         4
 Summon Lightning Spire   Summ/Air       0%         N/A       99%         4
 Lee's Rapid Deconstruct  Erth           0%         3d4*      100%        5
 Summon Hydra             Summ           0%         N/A       100%        7


Dungeon Overview and Level Annotations

Branches:
Dungeon (5/15)
 Temple: D:4-7

Altars:


Innate Abilities, Weirdness & Mutations

You are a hulking beast.
Your limbs bulge with bestial killing power. (Slay +3)
You are too large for most types of armour.
You have claws for hands.
Your natural rate of healing is unusually fast.
You are covered in fur. (AC +1)
You have tough skin. (AC +1)


Message History

The gnoll bouda hits you with a +0 whip!
The gnoll hits you from afar with a +2 halberd of freezing!
* * * LOW HITPOINT WARNING * * *
The gnoll freezes you.
* * * LOW HITPOINT WARNING * * *
Unknown command.
Your attacks no longer feel as feeble.
It was a potion of might.
You feel very mighty all of a sudden. The gnoll barely misses you.
Unknown command.
Found a brown potion.
The gnoll is no longer moving quickly.
It was a potion of curing.
You feel better.
The gnoll bouda gazes fiercely through you!
You feel your attacks grow feeble.
Unknown command.
You barely miss the gnoll bouda.
The gnoll bouda is heavily wounded.
The gnoll bouda gazes fiercely through you!
You feel as though you will be weak longer.
The gnoll bouda barely misses you.
Unknown command.
Unknown command.
Unknown command.
You scratch the gnoll bouda.
The gnoll bouda is severely wounded.
The gnoll is no longer moving quickly.
The gnoll hits you from afar with a +2 halberd of freezing!
* * * LOW HITPOINT WARNING * * *
The gnoll freezes you.
* * * LOW HITPOINT WARNING * * *
The gnoll bouda hits you with a +0 whip.
* * * LOW HITPOINT WARNING * * *
The gnoll closely misses you.
Unknown command.
The gnoll attacks as you move away! The gnoll barely misses you.
The gnoll bouda gazes fiercely through you!
You feel as though you will be weak longer.
The gnoll hits you from afar with a +2 halberd of freezing!
You die...

....###............#
.....##......######..
...## #..............
...####......#.####..
#............#.####.
....................
..!.....g...........
....................
..##.#h####.#..###.
#.......ggg.$...#
..........5#.#..#
#...#...####.#..# #..
#...# #g# .# #. #...#
#)# .# # #...# #5. .
..... .... .. .....
..#..


You could see a gnoll bouda, 3 gnolls and an ufetubus.

Vanquished Creatures
  An ogre (D:4)
  A scorpion (D:4)
  2 hounds
  An iguana (D:4)
  An orc wizard (D:4)
  3 gnolls
  5 adders
  An ufetubus (D:5)
  10 orcs
  A ball python (D:3)
  A bat (D:1)
  4 endoplasms
  2 giant cockroaches (D:2)
  8 goblins
  5 hobgoblins
  6 jackals (D:1)
  A quokka (D:1)
  5 frilled lizards
  7 kobolds
  6 rats
71 creatures vanquished.

Notes
Turn   | Place    | Note
-------+----------+-------------------------------------------
     0 | D:1      | Morbidden the Troll Shapeshifter began the quest for the
                  | Orb.
     0 | D:1      | Reached XP level 1. HP: 19/19 MP: 0/0
   134 | D:1      | Reached XP level 2. HP: 27/27 MP: 1/1
   372 | D:1      | Found a faded altar of an unknown god.
   556 | D:2      | Reached XP level 3. HP: 31/35 MP: 2/2
  1320 | D:3      | Identified the +1 pair of gloves "Zyzo" {rF+ Will+ Int+5}
  1325 | D:3      | Reached XP level 4. HP: 42/42 MP: 3/3
  1566 | D:3      | Reached skill level 4 in Shapeshifting
  2282 | D:4      | Reached XP level 5. HP: 49/49 MP: 4/4
  2366 | D:4      | Noticed an ogre
  2374 | D:4      | Killed an ogre
  2444 | D:4      | Reached skill level 1 in Throwing
  2444 | D:4      | Reached XP level 6. HP: 50/59 MP: 5/5
  2681 | D:5      | Entered Level 5 of the Dungeon
  2877 | D:5      | Mangled by a gnoll

Illustrated notes

Levels and vault maps discovered:
D:1:      ncdulo_watergridlock, layout_basic,
          hellmonk_ecumenical_altar_crossroads, chequers_decorated_corner
D:2:      layout_loops_ring, minmay_crystal_room, nicolae_eternal_life
D:3:      layout_loops_ring
D:4:      layout_loops_cross, lightli_minifort
D:5:      layout_basic, serial_park_tiny_1

Skill      XL: |  1  2  3  4  5 |
---------------+----------------+-----
Fighting       | 2 |  2.5
Dodging        | 2 |  2.7
Shapeshifting  | 4 |  4.6
Unarmed Combat | 3 |  3.4
Throwing       | 1 |  1.6
Stealth        | |  0.1

Action                     |  1- 3 |  4- 6 || total
---------------------------+-------+-------++-------
  Melee: Unarmed           |    76 |    98 ||   174
         Punch             |     1 |     1 ||     2
  Throw: Stone             |       |     2 ||     2
    Use: Potion            |       |     2 ||     2
   Stab: Sleeping          |     1 |       ||     1
 Armour: Animal skin       |    46 |    11 ||    57
  Dodge: Dodged            |    62 |    42 ||   104

Table legend: (Time is in decaauts)
 A = Elapsed time spent in this place.
 B = Non-inter-level travel time spent in this place.
 C = Inter-level travel time spent in this place.
 D = Time resting spent in this place.
 E = Time spent auto-exploring this place.
 F = Levels seen in this place.
 G = Mean time per level.
                   A        B        C        D        E       F      G
               +--------+--------+--------+--------+--------+-----+--------+
         Total |   2867 |   2736 |    131 |    312 |   1997 |   5 |  573.4 |
       Dungeon |   2867 |   2736 |    131 |    312 |   1997 |   5 |  573.4 |
               +--------+--------+--------+--------+--------+-----+--------+

Top non-repeatable levels by time:
     D:2: 814 daAuts
     D:3: 764 daAuts
     D:4: 592 daAuts
     D:1: 501 daAuts
     D:5: 195 daAuts
